Match 41265593
Unlisted

Match 41265593
End
Selects Airborne Battlegroup
Selects Heavy Machine Gun Paradrop
Heavy Machine Gun Paradrop
Engineer Squad
Heavy Machine Gun Paradrop
Air Support Center
Selects Paratrooper Squad Paradrop
Paratrooper Squad Paradrop
Double Sortie
Paratrooper Squad Paradrop
Construct Medical Station
P-47 Strafing Run
Selects Anti-tank Gun Team Paradrop
Anti-tank Gun Team Paradrop
Construct Weapon Support Center
P-47 Strafing Run
Improved M9 Bazooka Rockets
Paratrooper Squad Paradrop
Anti-tank Gun Team Paradrop
P-47 Dive Bomb
Selects Recon Loiter
Selects Supply Drop
Supply Drop
Grasshopper Recon Run
Paratrooper Squad Paradrop
P-47 Strafing Run
Supply Drop
Grasshopper Recon Run
Paratrooper Squad Paradrop
Supply Drop
Selects Carpet Bombing Run
Grasshopper Recon Run
Air Supremacy
P-47 Dive Bomb
Supply Drop
Improved Aircraft Armor
Advanced Air Reconnaissance
Grasshopper Recon Run
P-47 Strafing Run
Recon Loiter
P-47 Dive Bomb
Anti-tank Gun Team Paradrop
Supply Drop
P-47 Dive Bomb
Grasshopper High-Altitude Recon Run
七彩斑斓的牛头人战士
insanepiglet
Gravey
Ghost
Flobby
Swordfingerdarkblue
jaws2005
糕团团
0
0

Comments sign in to comment!

No comments posted yet!